Map: Persephone LE

Players

Classic - Winner!

  • Race: Protoss Protoss
  • Spawn Location: 11:00

Clem

  • Race: Terran Terran
  • Spawn Location: 7:00

Event: Esports World Cup 2025

VOD

Have the link to the VOD?

Description

Time

  • Played on: July 24, 2025, 12:12 p.m.
  • Length: 18:13

All games in this series

Show
View Real Time Build Order
Export as new Build Order

Classic Protoss - Winner!

Build Orders: 1 Gate Expand, Blink Stalkers 

Get SALT Encoding   

  12  0:00  Probe  
  13  0:12  Probe  
  14  0:17  Pylon  
  14  0:23  Probe  
  15  0:31  Probe  
  15  0:36  Gateway  
  15  0:40  Probe  
  16  0:45  Assimilator  
  17  0:51  Probe  
  18  1:03  Probe  
  19  1:15  Probe  
  20  1:24  Cybernetics Core  
  20  1:33  Nexus  
  20  1:39  Pylon  
  20  1:44  Probe  
  20  1:48  Assimilator  
  20  1:50  Adept  
  20  1:56  Probe  
  20  2:00  Warp Gate  
  23  2:08  Probe  
  24  2:17  Stalker  
  24  2:20  Probe  
  27  2:27  Twilight Council  
  27  2:32  Probe  
  28  2:40  Probe  
  28  2:41  Probe  
  28  2:44  Stalker  
  28  2:47  Blink  
  28  2:49  Probe x2  
  34  2:58  Probe  
  34  2:59  Probe  
  36  3:11  Gateway  
  36  3:13  Probe  
  36  3:15  Probe  
  38  3:22  Sentry  
  38  3:25  Probe  
  41  3:27  Probe  
  42  3:41  Nexus  
  42  3:43  Pylon  
  42  3:45  Probe  
  43  3:53  Probe  
  44  3:57  Probe  
  44  3:59  Robotics Facility  
  44  4:01  Assimilator  
  45  4:05  Probe  
  45  4:06  Stalker  
  45  4:09  Probe  
  49  4:11  Stalker  
  49  4:16  Pylon  
  51  4:17  Probe  
  51  4:21  Probe  
  50  4:32  Stalker  
  50  4:37  Probe x2  
  52  4:48  Charge  
  52  4:49  Probe x2  
  52  4:51  Shield Battery, Observer  
  55  4:53  Probe  
  55  4:54  Gateway  
  55  4:55  Gateway  
  55  4:59  Probe  
  56  5:01  Probe x2  
  59  5:07  Probe  
  59  5:11  Probe  
  59  5:13  Probe  
  62  5:15  Gateway  
  62  5:17  Gateway  
  62  5:18  Probe  
  63  5:23  Probe  
  63  5:25  Templar Archives, Probe  
  63  5:27  Shield Battery  
  65  5:31  Pylon  
  65  5:34  Probe  
  66  5:36  Probe  
  66  5:37  Observer  
  66  5:38  Probe  
  66  5:40  Pylon  
  69  5:43  Psionic Storm  
  69  5:46  Stalker x2  
  71  5:56  Stalker, Probe x3  
  76  6:06  Gateway  
  76  6:08  Gateway  
  76  6:09  Probe x3  
  79  6:14  Zealot x2  
  79  6:15  Zealot  
  85  6:20  Assimilator x2  
  85  6:23  Pylon  
  85  6:24  Pylon  
  85  6:27  Pylon  
  85  6:28  High Templar  
  87  6:38  Zealot x2  
  87  6:39  Zealot  
  89  6:48  High Templar, Zealot  
  89  6:54  Warp Prism  
  93  6:58  Probe x3  
  98  7:01  Forge  
  98  7:02  Zealot x6  
  98  7:04  Pylon  
  110  7:12  High Templar  
  110  7:15  Pylon  
  112  7:17  Pylon  
  112  7:18  Pylon  
  112  7:19  Probe x2  
  112  7:20  Assimilator, Probe  
  113  7:25  High Templar  
  113  7:27  Shield Battery  
  115  7:31  Pylon  
  115  7:37  Zealot  
  115  7:39  Zealot x5  
  115  7:42  Protoss Ground Weapons Level 1  
  115  7:43  Pylon  
  127  7:52  High Templar  
  127  7:58  Zealot x2, Robotics Facility  
  133  7:59  Zealot x5  
  141  8:06  Robotics Bay  
  141  8:12  Forge  
  141  8:16  Pylon  
  141  8:17  Pylon  
  139  8:28  High Templar x2  
  143  8:35  Zealot x6  
  155  8:42  Nexus  
  151  8:49  Probe  
  151  8:50  Probe x2  
  151  8:53  Colossus x2  
  151  8:55  Pylon  
  154  9:02  Probe x3  
  146  9:05  Extended Thermal Lance  
  153  9:12  Zealot x2  
  153  9:14  Probe x3  
  156  9:24  Stalker x2  
  154  9:38  Colossus  
  148  9:41  Zealot x4  
  148  9:42  Zealot x2, Protoss Ground Armor Level 1  
  148  9:43  Protoss Ground Weapons Level 2  
  154  9:50  Colossus  
  158  9:53  Pylon  
  158  9:55  Pylon  
  156  10:06  Zealot x2  
  162  10:08  Zealot  
  156  10:17  Pylon  
  156  10:18  Pylon  
  152  10:28  Nexus  
  145  10:37  Pylon, Probe x3  
  145  10:40  High Templar x2  
  145  10:42  High Templar x2  
  156  10:43  Stalker  
  156  10:44  Stalker  
  156  10:47  Archon  
  160  10:55  Stalker x2  
  164  11:00  Probe x3  
  164  11:03  Pylon  
  165  11:18  Stalker x6  
  177  11:26  Probe x3  
  174  11:41  High Templar  
  174  11:44  Zealot x3  
  174  11:45  Zealot x4  
  190  11:59  Pylon  
  188  12:02  Colossus  
  188  12:06  Zealot x7  
  188  12:08  Colossus  
  164  12:11  Archon  
  164  12:12  Archon  
  142  12:18  Observer  
  122  12:32  Assimilator  
  122  12:33  Assimilator, High Templar x3  
  122  12:34  High Templar x2  
  132  12:40  High Templar  
  134  12:44  Protoss Ground Weapons Level 3  
  134  12:45  Stalker x2  
  134  12:46  Colossus, Warp Prism  
  134  12:47  Probe x4  
  142  12:57  Protoss Ground Armor Level 2  
  144  13:01  Observer  
  150  13:10  Nexus  
  150  13:13  Pylon  
  150  13:25  Stalker x2, Sentry  
  150  13:26  Zealot x4  
  164  13:28  Zealot  
  164  13:33  Probe  
  164  13:34  Probe x2  
  169  13:35  Probe  
  166  13:57  Zealot x6  
  166  13:58  Zealot x2  
  166  14:02  Immortal x2  
  181  14:05  Archon  
  181  14:06  Archon  
  189  14:22  High Templar  
  190  14:24  Nexus  
  190  14:25  High Templar x2  
  190  14:26  Pylon  
  190  14:28  High Templar x3  
  200  14:34  Archon  
  199  14:43  Pylon, Gateway  
  199  14:45  Gateway  
  199  14:46  Nexus  
  199  14:47  Gateway  
  199  14:50  Gateway  
  199  14:59  Gravitic Boosters  
  199  15:02  Gateway  
  199  15:03  Gateway  
  199  15:09  Gateway  
  199  15:10  Gateway, High Templar  
  194  15:47  Nexus  
  189  15:54  Photon Cannon, Probe x4  
  189  15:55  Probe, Protoss Shields Level 1  
  189  15:56  Gravitic Drive  
  194  15:57  High Templar x2  
  196  16:44  Stalker x3  
  133  16:55  Zealot x13  
  153  17:01  Colossus x2  
  153  17:04  Pylon  
  165  17:09  Zealot x3  
  161  17:17  Zealot x11  
  161  17:20  Zealot x2  
  157  17:23  Archon x2  
  157  17:24  Archon  
  145  17:38  Zealot x3  
  145  17:39  Zealot x4, High Templar x2  
  145  17:40  High Templar x2  
  145  17:41  Zealot x4  
  145  17:42  Zealot  
  139  18:03  Zealot x2  
Show
View Real Time Build Order
Export as new Build Order

Clem Terran 

Build Orders: Reaper Expand 

Get SALT Encoding   

  12  0:00  SCV  
  13  0:12  SCV  
  14  0:17  Supply Depot  
  14  0:24  SCV  
  15  0:38  SCV  
  15  0:40  Barracks  
  15  0:42  Refinery  
  16  0:50  SCV  
  17  1:02  SCV  
  18  1:15  SCV  
  19  1:27  Reaper, Orbital Command  
  20  1:44  Command Center  
  20  1:47  Supply Depot  
  20  1:53  SCV  
  21  1:58  Marine  
  22  2:05  SCV  
  22  2:07  Factory  
  23  2:14  Bunker  
  23  2:17  Marine, SCV  
  23  2:21  Refinery  
  25  2:29  SCV  
  26  2:36  Barracks Reactor  
  26  2:41  SCV  
  26  2:52  Hellion  
  26  2:55  Starport  
  26  2:56  Orbital Command  
  26  2:58  SCV  
  29  3:06  Supply Depot  
  29  3:10  SCV  
  30  3:13  Marine x2  
  30  3:14  Widow Mine  
  34  3:22  SCV  
  34  3:23  SCV  
  36  3:32  Medivac  
  36  3:33  Marine  
  36  3:34  Marine, SCV  
  40  3:35  SCV  
  40  3:36  Widow Mine  
  44  3:42  Supply Depot  
  44  3:46  SCV  
  45  3:51  SCV  
  45  3:54  Barracks  
  45  3:55  Barracks  
  45  3:57  Factory Tech Lab  
  45  3:58  SCV  
  45  4:02  Marine x2  
  48  4:06  SCV  
  49  4:10  Supply Depot  
  49  4:12  SCV  
  50  4:19  Marine x2, Raven  
  50  4:22  Factory Tech Lab  
  54  4:24  SCV  
  54  4:25  SCV  
  54  4:32  Engineering Bay  
  54  4:37  Marine, SCV x2  
  53  4:39  Marine  
  53  4:40  Engineering Bay  
  53  4:43  Marine  
  53  4:47  Refinery  
  53  4:48  Factory Reactor, Refinery  
  53  4:49  SCV  
  53  4:50  Stimpack, SCV  
  53  4:51  Marine  
  56  4:55  Supply Depot  
  56  4:56  Marine  
  56  4:57  Marine  
  58  5:01  Terran Infantry Weapons Level 1  
  58  5:02  SCV, Starport Reactor  
  58  5:05  SCV  
  60  5:09  Supply Depot  
  60  5:11  Combat Shield  
  60  5:12  Marine  
  62  5:14  Marine  
  62  5:15  Marine  
  62  5:16  SCV  
  62  5:17  SCV  
  62  5:20  Supply Depot  
  66  5:27  Supply Depot  
  66  5:30  Marine x2  
  66  5:32  Marine  
  66  5:33  Marine  
  66  5:34  SCV  
  70  5:36  SCV  
  70  5:39  Medivac  
  73  5:46  Medivac  
  73  5:47  Widow Mine x2  
  73  5:48  Marauder x2  
  83  5:50  Marine, Supply Depot  
  83  5:51  Marine  
  85  6:07  Command Center  
  85  6:09  Marine, Marauder x2  
  89  6:13  Medivac  
  89  6:14  Marine, Widow Mine x2  
  95  6:24  SCV  
  96  6:25  SCV  
  96  6:26  Barracks x2  
  96  6:29  Marine  
  98  6:34  Marine, Medivac  
  98  6:36  SCV  
  98  6:37  Marauder  
  98  6:38  SCV  
  105  6:41  Widow Mine x2  
  109  6:49  Marine, Supply Depot  
  110  6:57  Marine, Supply Depot  
  110  6:58  Marauder, Concussive Shells, Medivac  
  115  7:02  Terran Infantry Armor Level 1  
  115  7:06  Widow Mine  
  115  7:07  Widow Mine  
  118  7:11  Marauder, SCV  
  118  7:15  Medivac  
  123  7:16  Barracks Tech Lab  
  123  7:20  SCV  
  124  7:23  Marine  
  124  7:25  SCV  
  124  7:27  Marauder  
  126  7:31  Medivac  
  126  7:34  Ghost Academy  
  128  7:38  SCV, Marauder  
  128  7:40  Marine, Barracks Reactor  
  128  7:41  Marauder  
  134  7:45  Supply Depot  
  134  7:46  Widow Mine  
  134  7:47  Marine  
  134  7:48  Marauder  
  139  7:54  SCV x2, Supply Depot  
  140  7:59  Marine, Orbital Command  
  140  8:02  Marauder  
  140  8:05  Ghost  
  143  8:07  Marine  
  143  8:11  Ghost  
  150  8:17  Supply Depot  
  150  8:18  Marine  
  150  8:19  Marine x2, SCV  
  154  8:23  SCV  
  154  8:24  SCV  
  139  8:31  SCV  
  140  8:34  Viking  
  140  8:35  SCV  
  140  8:36  SCV  
  144  8:41  Viking  
  144  8:44  SCV  
  144  8:48  SCV x2  
  148  8:50  Ghost  
  154  8:55  Marauder  
  154  8:56  Ghost  
  154  8:58  SCV  
  154  9:00  SCV  
  154  9:01  Marine  
  158  9:05  Marine  
  158  9:06  SCV  
  156  9:10  Marine  
  156  9:11  SCV  
  156  9:12  SCV  
  160  9:17  Marauder  
  160  9:18  SCV  
  160  9:19  Marauder  
  160  9:23  SCV  
  163  9:24  Marine  
  163  9:25  Marauder  
  163  9:27  Marine x2  
  163  9:29  Marine  
  169  9:38  Marauder, Medivac  
  166  9:39  SCV  
  166  9:40  Ghost  
  166  9:41  SCV  
  166  9:42  SCV, Refinery  
  166  9:43  Refinery  
  170  9:48  Marine x2  
  170  9:51  SCV  
  172  9:53  SCV  
  172  9:55  Marine  
  172  9:57  SCV  
  173  10:01  Supply Depot  
  173  10:03  SCV  
  173  10:04  Viking  
  173  10:05  Supply Depot  
  173  10:09  Marine  
  173  10:10  SCV  
  173  10:18  Armory  
  173  10:20  Engineering Bay  
  173  10:21  Supply Depot  
  173  10:23  Marine x2, Viking  
  176  10:30  SCV  
  176  10:33  Ghost  
  176  10:34  Marauder  
  177  10:36  SCV  
  177  10:40  SCV  
  177  10:43  SCV  
  177  10:48  SCV  
  179  10:51  Viking, Supply Depot  
  179  10:53  SCV  
  179  10:55  SCV  
  179  10:56  Viking  
  185  11:01  SCV  
  186  11:05  Command Center  
  186  11:07  Terran Infantry Weapons Level 2  
  186  11:13  Terran Infantry Armor Level 2  
  186  11:14  Terran Ship Weapons Level 1  
  186  11:16  Marauder  
  188  11:19  Marauder  
  188  11:22  Marine x4  
  188  11:25  Viking  
  192  11:28  Viking  
  194  11:35  Starport  
  194  11:39  Ghost  
  192  11:43  Ghost  
  192  11:45  Marauder  
  200  11:50  Marine  
  200  11:51  Marine  
  199  11:54  Marine  
  200  12:03  Medivac  
  200  12:05  Ghost, Medivac  
  200  12:07  Marine  
  164  12:08  Marine x2  
  164  12:09  Marauder  
  164  12:12  Marine, Marauder  
  127  12:23  Medivac  
  127  12:24  Marine  
  127  12:26  Marine x2  
  127  12:29  Medivac  
  130  12:30  Marine, Marauder  
  130  12:33  Marauder, Medivac  
  130  12:34  SCV  
  130  12:35  SCV, Marauder, Medivac  
  143  12:47  Barracks  
  143  12:48  Marine, Barracks  
  143  12:49  Marine x3  
  147  12:52  Marauder  
  147  12:54  Marine, Planetary Fortress  
  148  12:59  Ghost  
  148  13:02  Viking  
  153  13:05  Viking  
  153  13:08  Viking  
  153  13:12  Viking  
  159  13:14  SCV  
  159  13:15  SCV  
  159  13:16  SCV  
  159  13:17  Marine  
  159  13:18  Marine  
  164  13:20  Marine  
  164  13:24  Refinery  
  164  13:25  Refinery  
  164  13:26  Terran Infantry Weapons Level 3  
  165  13:27  Marine  
  165  13:32  Viking  
  168  13:39  Barracks Tech Lab x2  
  168  13:40  Marauder x2  
  172  13:44  Marine  
  172  13:48  Ghost  
  172  13:56  Viking  
  172  13:57  Marine x2, Marauder x2  
  172  14:02  Marauder  
  182  14:05  Command Center  
  182  14:07  Terran Infantry Armor Level 3  
  182  14:10  Ghost  
  185  14:18  Marine  
  185  14:19  Marine x2  
  185  14:23  SCV, Terran Ship Weapons Level 2  
  189  14:28  Ghost, Missile Turret  
  189  14:30  Sensor Tower  
  192  14:37  Ghost  
  194  14:39  Marauder  
  194  14:40  Marauder  
  194  14:41  Marauder  
  200  14:52  Command Center  
  200  14:56  Personal Cloaking  
  200  15:08  Missile Turret  
  200  15:19  Orbital Command  
  200  15:21  Command Center  
  200  15:35  Liberator  
  199  15:38  Fusion Core  
  199  15:39  Liberator  
  200  15:49  Liberator  
  199  15:54  Command Center  
  198  16:02  Starport  
  198  16:05  Orbital Command  
  197  16:13  Neosteel Armor  
  197  16:22  Ghost  
  200  16:46  Liberator x2  
  199  16:48  Ghost  
  199  16:49  Ghost  
  199  16:51  Liberator  
  199  16:52  Sensor Tower  
  199  16:54  Ghost, Liberator  
  176  16:55  Marine x2, Marauder, Liberator  
  176  16:56  Marine x3  
  184  17:06  Orbital Command  
  183  17:12  Marine  
  183  17:13  Ghost  
  179  17:16  Marauder  
  179  17:22  Marine  
  155  17:25  Marine x2  
  155  17:26  Marine x2  
  155  17:27  Marauder  
  155  17:29  Liberator  
  154  17:30  Marine  
  148  17:37  Marine  
  148  17:39  Marine  
  148  17:42  Marine  
  148  17:43  Marine  
  126  17:44  Marine  
  126  17:45  Marauder x2  
  126  17:48  Marine, Marauder  
Tags
 
Add a new tag
Caveats
  • Supply blocks, unpowered buildings, or Contaminate may cause inaccurate times.
  • Supply counts are checked every 10 seconds.